Map: Ulrena

Players

一捅星际

  • Race: Terran Terran
  • League: Master

oGsForGG - Winner!

  • Race: Terran Terran
  • League: Master

VOD

Have the link to the VOD?

Description

Time

  • Played on: Nov. 28, 2015, 6:35 p.m.
  • Length: 6:09
Show
View Real Time Build Order
Export as new Build Order

一捅星际 Terran 

Build Orders: Banshee Rush 

Get SALT Encoding   

  12  0:01  SCV  
  13  0:13  SCV  
  14  0:18  Supply Depot  
  14  0:25  SCV  
  15  0:40  SCV  
  16  0:44  Barracks  
  16  0:52  SCV  
  16  0:53  Refinery  
  17  1:01  Refinery  
  17  1:04  SCV  
  18  1:16  SCV  
  19  1:30  Orbital Command  
  19  1:31  Marine  
  20  1:43  Factory  
  20  1:48  Marine  
  21  1:56  SCV  
  22  2:03  Supply Depot  
  22  2:06  Marine  
  23  2:24  SCV  
  24  2:31  Factory Tech Lab, Starport  
  24  2:33  Marine  
  24  2:37  SCV  
  26  2:43  Command Center  
  26  2:52  Marine  
  26  2:55  SCV  
  28  2:58  Factory Tech Lab  
  28  3:04  Supply Depot  
  29  3:14  Banshee, Cloaking Field  
  31  3:26  Marine  
  31  3:27  Cyclone  
  35  3:33  Supply Depot  
  35  3:38  SCV  
  36  3:43  Marine  
  37  3:50  SCV  
  37  3:55  Orbital Command  
  38  3:56  Raven  
  40  4:03  Marine  
  41  4:13  Supply Depot  
  41  4:15  Barracks  
  41  4:20  Siege Tank  
  41  4:23  Orbital Command  
  44  4:35  Marine  
  45  4:46  SCV  
  46  4:57  SCV  
  46  4:58  SCV  
  45  5:09  SCV  
  45  5:10  SCV  
  42  5:23  SCV x2  
  41  5:28  Marine x2  
  41  5:29  Viking  
  41  5:30  Siege Tank  
  43  5:35  SCV  
  43  5:39  SCV  
  42  5:47  SCV  
  38  5:52  SCV  
Show
View Real Time Build Order
Export as new Build Order

oGsForGG Terran - Winner!

Build Orders: Reaper Expand 

Get SALT Encoding   

  12  0:01  SCV  
  13  0:13  SCV  
  14  0:18  Supply Depot  
  14  0:25  SCV  
  15  0:40  SCV  
  15  0:41  Barracks  
  16  0:45  Refinery  
  16  0:52  SCV  
  17  1:04  SCV  
  18  1:16  SCV  
  19  1:28  Orbital Command  
  19  1:29  Reaper  
  20  1:42  Command Center  
  20  1:50  Supply Depot  
  20  1:54  SCV  
  20  1:57  Refinery  
  21  2:01  Marine  
  21  2:06  SCV  
  23  2:14  Factory  
  23  2:19  SCV  
  24  2:28  Barracks Reactor  
  23  2:31  SCV  
  24  2:43  SCV  
  25  2:53  Orbital Command  
  25  2:55  SCV  
  26  2:59  Starport  
  26  3:04  Factory Tech Lab, Marine x2  
  28  3:08  SCV  
  28  3:10  Engineering Bay  
  30  3:20  SCV x2  
  30  3:21  Marine  
  30  3:22  Marine  
  30  3:24  Cyclone  
  36  3:32  SCV x2  
  38  3:36  Medivac  
  38  3:39  Marine x2  
  38  3:41  Missile Turret  
  42  3:46  Supply Depot  
  42  3:49  SCV x2  
  44  3:57  Marine x2  
  46  4:08  SCV x2  
  48  4:14  Supply Depot  
  48  4:15  Marine x2  
  48  4:16  Banshee, Cloaking Field  
  53  4:19  Factory Tech Lab  
  53  4:20  SCV  
  54  4:26  SCV  
  52  4:33  Marine x2  
  52  4:35  Missile Turret  
  54  4:38  Siege Tank  
  54  4:39  SCV x2  
  57  4:51  Marine  
  58  4:59  Banshee  
  58  5:07  Marine  
  58  5:08  Marine  
  58  5:09  SCV x2  
  56  5:19  Siege Tank  
  56  5:21  SCV x2  
  52  5:25  Marine  
  52  5:26  Marine  
  54  5:33  SCV x2  
  55  5:43  Marine  
  55  5:44  Marine  
  55  5:45  SCV x2  
  62  5:53  Command Center  
Tags
 
Matchup
TvT
Race
Terran
Strategy
Banshee Rush
Add a new tag
Caveats
  • Supply blocks, unpowered buildings, or Contaminate may cause inaccurate times.
  • Supply counts are checked every 10 seconds.